 Dungeon Crawl Stone Soup version 0.18.1-50-g88ac8fd (webtiles) character file.

125 Monkfish the Cutter (level 5, 0/51 HPs)
             Began as a Kobold Berserker on Oct 19, 2016.
             Was a Believer of Trog.
             Succumbed to a worker ant's poison
             ... on level 2 of the Dungeon.
             The game lasted 00:03:04 (1942 turns).

Monkfish the Cutter (Kobold Berserker)              Turns: 1942, Time: 00:03:05

Health: 0/51       AC:  3    Str: 20 (21) XL:     5   Next: 30%
Magic:  5/5        EV: 15    Int:  4 (5)  God:    Trog [**....]
Gold:   62         SH:  0    Dex: 16      Spells: 0 memorised, 4 levels left

rFire  . . .     SeeInvis .     a - +0 short sword
rCold  . . .     Gourm    .     b - +0 animal skin
rNeg   . . .     Faith    .     (shield restricted)
rPois  .         Spirit   .     (no helmet)
rElec  .         Dismiss  .     d - +0 cloak
rCorr  .         Reflect  .     (no gloves)
SustAt .         Harm     .     (no boots)
MR     .....                    (no amulet)
Stlth  ..........               (no ring)
                                (no ring)

@: berserking, lethally poisoned (0 -> -13), very quick, not resistant to
hostile enchantments, extremely unstealthy
A: carnivore 3
a: Berserk, Trog's Hand, Burn Spellbooks, Renounce Religion


You were on level 2 of the Dungeon.
You worshipped Trog.
Trog was pleased with you.
You were full.

You visited 1 branch of the dungeon, and saw 2 of its levels.

You collected 62 gold pieces.

Inventory:

Hand Weapons
 a - a +0 short sword (weapon)
Armour
 b - a +0 animal skin (worn)
 d - a +0 cloak (worn)
Jewellery
 e - an uncursed amulet of dismissal
 j - an uncursed ring of wizardry {unknown}
Scrolls
 h - 2 scrolls of identify
Potions
 g - 2 potions of mutation
 i - a potion of resistance {unknown}
Comestibles
 c - 2 meat rations
 f - a slice of pizza


   Skills:
 + Level 4.6 Fighting
 + Level 5.4 Short Blades
 - Level 1.5 Armour
 - Level 2.4 Dodging
 * Level 3.1 Stealth


You had 4 spell levels left.
You didn't know any spells.

Dungeon Overview and Level Annotations

Branches:
Dungeon (2/15)

Altars:


Innate Abilities, Weirdness & Mutations

You are small and have problems with some larger weapons.
You are carnivorous and can eat meat at any time.


Message History

The worker ant is heavily wounded.
You feel sick. The worker ant bites you.
* * * LOW HITPOINT WARNING * * *
A red film seems to cover your vision as you go berserk!
You feel yourself moving faster!
You feel mighty!
You feel somewhat less full.
* * * LOW HITPOINT WARNING * * *
You feel sick. The worker ant bites you!
* * * LOW HITPOINT WARNING * * *
You are more poisoned.
The worker ant poisons you!
You hit the worker ant.
The worker ant is almost dead.
* * * LOW HITPOINT WARNING * * *
You feel sick. The worker ant closely misses you.
You puncture the worker ant!
You kill the worker ant!
Trog accepts your kill.
Your Stealth skill increases to level 3!
You feel your strength returning.
You die...

#...K.. #......#.##
#...S.. #......#†## .....
#......#.## ..(.
#......#.## ..#
###.####... ## #.# #.#
#.## .... #.## ########.#
###
.....#..###........#####
....)....K@............>#
......##..##.##########.#
...... ##.##.# #.....#.#
..... #..#.# #.###.#.#
..... ##.#.# #.#...#.#
..## .#.# #.#.###.### ..
...# #.#.#...... #..#
#.#.#.#.###
..####.#.#.#.#


You could see a kobold.

Vanquished Creatures
  Jessica (D:2)
  A worker ant (D:2)
  4 gnolls (D:2)
  An adder (D:2)
  A dart slug (D:2)
  2 giant geckos
  8 bats
  2 giant newts
  4 goblins (D:1)
  5 kobolds
  3 rats
32 creatures vanquished.

Notes
Turn   | Place    | Note
--------------------------------------------------------------
     0 | D:1      | Monkfish the Kobold Berserker began the quest for the Orb.
     0 | D:1      | Reached XP level 1. HP: 14/14 MP: 1/1
   278 | D:1      | Reached skill level 1 in Stealth
   473 | D:1      | Reached XP level 2. HP: 15/19 MP: 2/2
  1265 | D:2      | Noticed Jessica
  1274 | D:2      | Killed Jessica
  1274 | D:2      | Reached XP level 3. HP: 24/24 MP: 3/3
  1344 | D:2      | Reached XP level 4. HP: 8/29 MP: 4/4
  1703 | D:2      | Reached skill level 5 in Short Blades
  1802 | D:2      | Reached XP level 5. HP: 22/34 MP: 5/5
  1839 | D:2      | Reached ** piety under Trog
  1939 | D:2      | HP: 2/51 [worker ant (7)]
  1942 | D:2      | Succumbed to a worker ant's poison

Skill      XL: |  1  2  3  4  5 |
---------------+----------------+-----
Stealth        | 1 2 3 |  3.1
Fighting       | 4 |  4.6
Short Blades   | 5 |  5.4
Armour         | |  1.5
Dodging        | |  2.4

Action                   |  1- 3 |  4- 6 || total
-------------------------+-------+-------++-------
Melee: Short sword       |    71 |    41 ||   112
Invok: Berserk           |     2 |     2 ||     4
  Use: Scroll            |     2 |       ||     2
       Potion            |     1 |       ||     1
 Stab: Sleeping          |     1 |     1 ||     2
  Eat: Chunk             |     4 |     8 ||    12
Armor: Animal skin       |    14 |     3 ||    17
Dodge: Dodged            |    64 |    22 ||    86
